 Dungeon Crawl Stone Soup version 0.23-a0-38-g6d804a8 (webtiles) character file.

566616 KyrpaJooseppi the Slayer (level 26, 0/234 HPs)
             Began as a Vine Stalker Necromancer on Aug 5, 2018.
             Was an Initiate of Gozag.
             Slain by Izxoet's ghost (2 damage)
             ... on level 4 of the Realm of Zot.
             The game lasted 03:35:46 (51862 turns).

KyrpaJooseppi the Slayer (VSNe)                    Turns: 51862, Time: 03:35:47

Health: 0/234      AC: 32    Str: 25    XL:     26   Next: 82%
Magic:  0/27       EV: 29    Int: 24    God:    Gozag
Gold:   5155       SH: 15    Dex: 23    Spells: 5/29 levels left

rFire    + . .     SeeInvis +   a - +9 broad axe (vamp)
rCold    + . .     Gourm    .   V - +3 buckler {reflect}
rNeg     + + .     Faith    .   Y - +6 chain mail of Qazlal's Generosity {rElec MR+}
rPois    +         Spirit   +   S - +1 helmet "Nobuk" {Int+4 Stlth+}
rElec    +         Reflect  +   u - scarf {rC+ rF+}
rCorr    .         Harm     .   o - +0 pair of gloves of the Republic {rN++ Slay+3}
MR       ++++.                  B - +2 pair of boots {run}
Stlth    ..........             H - +6 amulet of reflection
HPRegen  1.29/turn              I - ring of see invisible
MPRegen  0.20/turn              E - ring of Phasing {EV+8}

@: brilliant, agile, berserking (expiring), very quick
A: fangs 3, molten scales 1, poison resistance, regeneration 2, magic shield,
antimagic bite, no potion heal 3, rot immunity
}: 3/15 runes: serpentine, barnacled, silver
a: Potion Petition, Call Merchant, Bribe Branch, Renounce Religion


You were on level 4 of the Realm of Zot.
You worshipped Gozag.
Gozag was greatly pleased with you.
You were completely stuffed.

You visited 11 branches of the dungeon, and saw 52 of its levels.
You also visited: Ossuary.

You collected 31690 gold pieces.
You spent 6385 gold pieces at shops.
You paid 20150 gold pieces to Gozag.

Inventory:

Hand Weapons
 a - a +9 vampiric broad axe (weapon)
 b - a +9 executioner's axe of freezing
 m - the +8 mithril axe "Arga" {speed, MR+}
   (You took it off a deep elf high priest on level 3 of the Elven Halls)

   Attacks with this weapon are significantly faster.
   It affects your resistance to hostile enchantments.
 w - the +5 hand crossbow of Ru's Approval {velocity, +Blink Int+9 SInv}
   (You found it on level 3 of the Crypt)

   Any bolt fired from it inflicts extra damage.
   It affects your intelligence (+9).
   It lets you see invisible.
   It lets you blink.
Missiles
 t - 470 bolts
Armour
 o - the +0 pair of gloves of the Republic (worn) {rN++ Slay+3}
   (You found it on level 6 of the Dungeon)

   It affects your accuracy and damage with ranged weapons and melee attacks
   (+3).
   It greatly protects you from negative energy.
 p - the +7 plate armour of the Failed Coup {rPois rC+ Int+2 Slay+4}
   (You bought it in a shop on level 9 of the Dungeon)

   It affects your intelligence (+2).
   It affects your accuracy and damage with ranged weapons and melee attacks
   (+4).
   It protects you from cold.
   It protects you from poison.
 u - a scarf of resistance (worn)
 B - a +2 pair of boots of running (worn)
 S - the +1 helmet "Nobuk" (worn) {Int+4 Stlth+}
   (You found it on level 1 of the Shoals)

   It affects your intelligence (+4).
   It makes you more stealthy.
 V - a +3 buckler of reflection (worn)
 Y - the +6 chain mail of Qazlal's Generosity (worn) {rElec MR+}
   (You bought it in a shop on level 2 of the Orcish Mines)

   It insulates you from electricity.
   It affects your resistance to hostile enchantments.
Jewellery
 E - the ring of Phasing (right hand) {EV+8}
   (You found it on level 1 of the Lair of Beasts)

   [ring of evasion]

   It affects your evasion (+8).
 H - a +6 amulet of reflection (around neck)
 I - a ring of see invisible (left hand)
 K - the ring "Werapn" {rCorr MR+}
   (You took it off a yaktaur captain on level 5 of the Vaults)

   [ring of resist corrosion]

   It affects your resistance to hostile enchantments.
Wands
 s - a wand of clouds (6)
 v - a wand of digging (59)
 Q - a wand of acid (15)
Scrolls
 k - a scroll of immolation
 l - 17 scrolls of remove curse
 q - 3 scrolls of fog
 r - 6 scrolls of magic mapping
 y - 25 scrolls of teleportation
 z - 5 scrolls of torment
 A - 7 scrolls of amnesia
 F - a scroll of enchant weapon
 J - 10 scrolls of fear
 M - a scroll of summoning
 N - 13 scrolls of identify
 W - 2 scrolls of enchant armour
 X - a scroll of silence
 Z - 6 scrolls of blinking
Potions
 d - 3 potions of agility
 e - 5 potions of resistance
 f - 9 potions of mutation
 g - 9 potions of cancellation
 h - 19 potions of curing
 i - 11 potions of lignification
 n - 2 potions of flight
 x - 8 potions of haste
 G - 7 potions of brilliance
 L - 4 potions of magic
 O - 2 potions of ambrosia
Miscellaneous
 C - a lamp of fire (inert)
 D - a fan of gales
 P - a phial of floods
 R - a lightning rod (4/4)
 T - 3 phantom mirrors
Comestibles
 c - 58 rations


   Skills:
 + Level 21.9 Fighting
 - Level 18.0 Axes
 - Level 10.0 Crossbows
 + Level 21.9 Armour
 - Level 9.1 Dodging
 - Level 2.4 Stealth
 - Level 4.1 Shields
 - Level 2.1 Spellcasting
 - Level 4.0 Necromancy
 - Level 13.2 Translocations
 - Level 12.5 Air Magic
 - Level 5.0 Evocations


You had 5 spell levels left.
You knew the following spells:

 Your Spells              Type           Power        Failure   Level  Hunger
a - Airstrike             Air            ######....   1%          4    ####...
b - Blink                 Tloc           N/A          1%          2    ##.....
c - Lesser Beckoning      Tloc           ######....   1%          3    ###....
d - Dispel Undead         Necr           #####...     19%         5    ######.
g - Shroud of Golubria    Chrm/Tloc      #####.....   1%          2    ##.....
o - Teleport Other        Tloc           ######..     1%          3    ###....
p - Summon Butterflies    Summ           ###.....     4%          1    None
r - Regeneration          Chrm/Necr      ####......   5%          3    ###....
z - Apportation           Tloc           ######       1%          1    None

Your spell library contained the following spells:

 Spells                   Type           Power        Failure   Level  Hunger
 Magic Dart               Conj           ###.         4%          1    None
 Fireball                 Conj/Fire      ###.......   61%         5    ######.
 Conjure Flame            Conj/Fire      ###.....     12%         3    ###....
 Bolt of Fire             Conj/Fire      ###.......   98%         6    #######
 Lightning Bolt           Conj/Air       #####.....   9%          5    ######.
 Bolt of Magma            Conj/Fire/Erth ###.......   61%         5    ######.
 Confuse                  Hex            ###.....     12%         3    ###....
 Invisibility             Hex            ###.....     98%         6    #######
 Throw Flame              Conj/Fire      ###...       6%          2    ##.....
 Throw Frost              Conj/Ice       ###...       6%          2    ##.....
 Freezing Cloud           Conj/Ice/Air   #####.....   61%         6    #######
 Mephitic Cloud           Conj/Pois/Air  #####...     2%          3    ###....
 Ring of Flames           Chrm/Fire      ###.......   100%        7    #######
 Venom Bolt               Conj/Pois      ###.......   61%         5    ######.
 Olgreb's Toxic Radiance  Pois           ###.....     32%         4    ####...
 Bolt of Draining         Conj/Necr      ####......   36%         5    ######.
 Iskenderun's Mystic Bla  Conj           ###.....     32%         4    ####...
 Animate Dead             Necr           N/A          8%          4    ####...
 Pain                     Necr           ####         1%          1    None
 Animate Skeleton         Necr           N/A          1%          1    None
 Vampiric Draining        Necr           #####.....   2%          3    ###....
 Sticky Flame             Conj/Fire      ###.....     32%         4    ####...
 Call Imp                 Summ           ###.....     6%          2    ##.....
 Sting                    Conj/Pois      ###.         4%          1    None
 Sublimation of Blood     Necr           #####.....   1%          2    ##.....
 Tukima's Dance           Hex            ###.....     12%         3    ###....
 Corpse Rot               Necr           N/A          1%          2    ##.....
 Iron Shot                Conj/Erth      ###.......   98%         6    #######
 Stone Arrow              Conj/Erth      ###...       12%         3    ###....
 Shock                    Conj/Air       ####         1%          1    None
 Swiftness                Chrm/Air       #####...     1%          2    ##.....
 Agony                    Necr           #####...     19%         5    ######.
 Spider Form              Tmut/Pois      ###.......   12%         3    ###....
 Blade Hands              Tmut           ###.......   61%         5    ######.
 Statue Form              Tmut/Erth      ###......    98%         6    #######
 Ice Form                 Ice/Tmut       ###.....     32%         4    ####...
 Dragon Form              Tmut           ###.......   100%        7    #######
 Deflect Missiles         Chrm/Air       #####.....   36%         6    #######
 Confusing Touch          Hex            ###...       4%          1    None
 Flame Tongue             Conj/Fire      ###..        4%          1    None
 Passwall                 Tmut/Erth      ###.....     6%          2    ##.....
 Ignite Poison            Fire/Tmut/Pois ###.....     12%         3    ###....
 Sticks to Snakes         Tmut           ###.....     6%          2    ##.....
 Ensorcelled Hibernation  Hex/Ice        ###...       6%          2    ##.....
 Metabolic Englaciation   Hex/Ice        ###.......   61%         5    ######.
 Silence                  Hex/Air        #####.....   9%          5    ######.
 Dispersal                Tloc           ######....   2%          6    #######
 Static Discharge         Conj/Air       #####...     1%          3    ###....
 Corona                   Hex            ###....      4%          1    None
 Alistair's Intoxication  Tmut/Pois      ###.....     61%         5    ######.
 Lee's Rapid Deconstruct  Erth           ###.......   61%         5    ######.
 Sandblast                Erth           ###...       4%          1    None
 Conjure Ball Lightning   Conj/Air       #####.....   36%         6    #######
 Excruciating Wounds      Chrm/Necr      ####......   36%         5    ######.
 Petrify                  Tmut/Erth      ###.....     32%         4    ####...
 Passage of Golubria      Tloc           N/A          1%          4    ####...
 Orb of Destruction       Conj           ###.......   100%        7    #######
 Tornado                  Air            ######....   100%        9    #######
 Inner Flame              Hex/Fire       ###.....     12%         3    ###....
 Beastly Appendage        Tmut           ###...       4%          1    None
 Iskenderun's Battlesphe  Conj/Chrm      ###.....     61%         5    ######.
 Fulminant Prism          Conj/Hex       ###.......   32%         4    ####...
 Dazzling Spray           Conj/Hex       ###...       12%         3    ###....
 Force Lance              Conj/Tloc      #####...     2%          4    ####...
 Infusion                 Chrm           ###.         4%          1    None
 Song of Slaying          Chrm           ###.....     6%          2    ##.....
 Spectral Weapon          Hex/Chrm       ###.....     12%         3    ###....
 Searing Ray              Conj           ###...       6%          2    ##.....
 Summon Lightning Spire   Summ/Air       #####...     3%          4    ####...
 Spellforged Servitor     Conj/Summ      ###.......   100%        7    #######
 Hydra Form               Tmut           ###.......   98%         6    #######
 Irradiate                Conj/Tmut      ###.......   61%         5    ######.
 Gell's Gravitas          Tloc           ######....   1%          3    ###....
 Yara's Violent Unravell  Hex/Tmut       ###.......   61%         5    ######.
 Poisonous Vapours        Pois/Air       #####.       1%          2    ##.....
 Ignition                 Fire           ###.......   100%        8    #######


Dungeon Overview and Level Annotations

Branches:
Dungeon (15/15)            Temple (1/1) D:6            Lair (6/6) D:10
 Shoals (4/4) Lair:3        Snake (4/4) Lair:2        Slime (0/5) Lair:6
    Orc (2/2) D:11            Elf (3/3) Orc:2        Vaults (5/5) D:14
  Crypt (3/3) Vaults:3       Tomb (0/3) Crypt:3      Depths (5/5) D:15
    Zot (4/5) Depths:5

Altars:
Ashenzari
Cheibriados
Dithmenos
Elyvilon
Fedhas
Gozag
Hepliaklqana
Kikubaaqudgha
Makhleb
Nemelex Xobeh
Okawaru
Qazlal
Ru
Sif Muna
Trog
Uskayaw
Vehumet
Wu Jian
Xom
Yredelemnul
Zin
The Shining One
Beogh
Jiyva

Shops:
D:4 (   D:9 [   D:12 *   D:15 ?[[*   Orc:2 ![((   Elf:2 ?   Elf:3 }
Shoals:1 !   Snake:2 (   Snake:4 *   Vaults:4 *   Depths:1 *(

Portals:
Hell: Depths:1 Depths:2 Depths:3 Depths:4 Depths:5
Abyss: Depths:4
Pandemonium: Depths:3
Ziggurat: Depths:5
Trove: Depths:4 (show abyssal rune of Zot)

Annotations:
D:3 2 runed doors, pedritolo's ghost, amateur NaCK
D:13 exclusion: orange crystal statue
Zot:4 1 transporter, Izxoet's ghost, legendary NaFi


Innate Abilities, Weirdness & Mutations

You have razor-sharp teeth.
You heal very quickly.
When hurt, damage is shared between your health and your magic reserves.
Your bite disrupts and absorbs the magic of your enemies.
Potions cannot restore your health.
You are immune to rotting.
You are partially covered in molten scales. (AC +2)
Your system is resistant to poisons. (rPois)


Message History

You bite Izxoet's ghost, but do no damage.
Izxoet's ghost is almost destroyed.
You slice the storm dragon!!
You kill the storm dragon!
The storm dragon's corpse dissolves into shadows!
Izxoet's ghost is no longer moving quickly.
You miss Izxoet's ghost. Your bite misses Izxoet's ghost.
Izxoet's ghost is almost destroyed.
You block Izxoet's ghost's attack.
Unknown command.
You slash Izxoet's ghost! Your bite misses Izxoet's ghost.
Izxoet's ghost is almost destroyed.
Unknown command.
You hit Izxoet's ghost but do no damage.
Your bite misses Izxoet's ghost.
Izxoet's ghost is almost destroyed.
Izxoet's ghost hits you!!
* * * LOW HITPOINT WARNING * * *
You die...
Your body crumbles into a pile of gold.

,,,,,,,,,,,,,,,,,,<......>*
**********,*,..***##....#.######
*,,,,#.####.....##.#...#
*,,###......©.....#.^#,**
*,,,....#########..#.#,,,
**+***#.##8}?[)}8##.#.####
*,,,,,#.#©..)[....#.#.....
*,,,,,#.#W#.....#.#.######
*,,,,,#.#@.#$$.#..#.#
*,,,,,#.#..$.©....#.#
*,,,,,#.#..#$$.#..#.#
*,,,,,#.#.#?....#.#.#
*,,,,,#.#.........#.######
**+***#.##8.....8##....... *,*
#..#########...##### *,*
##.....©.....#.#,,,, *,*
#####...#####(#,,,,


You could see Izxoet's ghost.

Vanquished Creatures
  A juggernaut (Depths:5)
  Sojobo (Vaults:4)
  A greater mummy (Crypt:1)
  Saint Roka (Vaults:2)
  Vashnia (Snake:4)
  6 golden dragons
  A profane servitor (Crypt:3)
  2 bone dragons
  2 liches
  A Tzitzimitl (Depths:2)
  12 tentacled monstrosities
  3 titans
  Asterion (Vaults:4)
  2 quicksilver dragons
  3 deep elf blademasters
  A deep elf master archer (Elf:3)
  2 death cobs
  2 krakens
  An ancient champion (Crypt:2)
  2 sphinxes
  Gastronok (Orc:1)
  2 shadow dragons (Zot:1)
  A revenant (Crypt:2)
  4 storm dragons
  Donald (Elf:3)
  4 tengu reavers
  2 draconian monks
  6 fire giants
  14 nagarajas
  6 deep elf sorcerers
  A draconian knight (Zot:2)
  4 draconian scorchers (Zot:2)
  2 frost giants
  An iron dragon (Depths:5)
  11 vault wardens
  4 orc warlords
  3 deep elf elementalists (Elf:3)
  3 curse skulls
  6 draconian shifters
  11 ghouls
  3 draconian annihilators
  7 ironheart preservers
  2 draconian stormcallers (Zot:1)
  9 stone giants
  A war gargoyle (Depths:2)
  20 very ugly things
  5 vampire knights
  10 black draconians
  10 deep elf annihilators
  10 deep elf demonologists
  6 red draconians
  5 purple draconians
  6 green draconians
  5 white draconians
  5 yellow draconians
  9 eidola
  4 spark wasps
  7 deep elf death magi
  Josephine (D:12)
  8 ettins
  2 mummy priests
  6 deep elf high priests
  6 jiangshi
  4 merfolk javelineers
  7 fire dragons
  11 yaktaur captains
  4 merfolk impalers
  A quicksilver dragon zombie (Crypt:3)
  Harold (Orc:1)
  4 great orbs of eyes
  10 ice dragons
  12 vault guards
  A hydra (shapeshifter) (Vaults:5)
  5 rakshasas
  Erica (Lair:1)
  8 hydras
  24 naga warriors
  2 merfolk avatars
  6 anacondas
  2 centaur warriors
  6 death knights
  An ice dragon (shapeshifter) (Vaults:5)
  2 satyrs (Shoals:4)
  2 alligator snapping turtles (Shoals:4)
  10 merfolk aquamancers
  10 ogre magi
  45 two-headed ogres
  5 death yaks
  6 deep troll shamans
  5 tengu warriors
  9 orc high priests
  A titan zombie (Crypt:3)
  5 shock serpents
  3 deep troll earth magi
  A spriggan berserker (Depths:5)
  4 vampire magi
  Urug (Lair:6)
  2 storm dragon zombies (Crypt:3)
  25 naga sharpshooters
  A hell knight (Depths:3)
  A soul eater (Crypt:2)
  19 deep elf knights
  A fire crab (shapeshifter) (Vaults:5)
  13 skeletal warriors
  2 iron trolls
  2 anaconda zombies (Crypt:3)
  5 shadow wraiths
  A death drake (shapeshifter) (Vaults:4)
  15 deep trolls
  7 unseen horrors
  A sea snake (shapeshifter) (Vaults:4)
  13 sea snakes
  A kraken simulacrum (Shoals:4)
  4 flayed ghosts
  2 death drakes (Depths:2)
  A ghost moth zombie (Crypt:3)
  4 glowing orange brains
  A golden dragon zombie (Crypt:3)
  A spectral hydra (Depths:2)
  10 deep elf archers
  13 mana vipers
  4 naga ritualists
  22 orc knights
  2 orange crystal statues (Depths:2)
  24 phantasmal warriors
  A golden dragon skeleton (Crypt:1)
  7 ironbrand convokers
  2 necromancers
  10 harpies
  An iron dragon zombie (Crypt:1)
  A wolf spider zombie (D:9)
  2 oklob plants (Lair:3)
  A mana viper (shapeshifter) (Vaults:2)
  A manticore (shapeshifter) (Depths:2)
  8 orc sorcerers
  A stone giant zombie (Crypt:2)
  46 deep elf magi
  15 manticores
  17 ugly things
  3 wolf spiders
  A sphinx skeleton (Crypt:1)
  5 cyclopes
  23 black mambas
  10 fauns
  3 salamanders
  A centaur zombie (D:14)
  10 elephants
  2 dire elephant zombies
  10 merfolk sirens
  8 vault sentinels
  10 moths of wrath
  11 naga magi
  29 spiny frogs
  13 guardian serpents
  4 water nymphs
  A guardian serpent (shapeshifter) (Depths:3)
  A spiny frog (shapeshifter) (Depths:1)
  2 gargoyles
  An elephant slug zombie (Crypt:1)
  A white draconian zombie (Crypt:1)
  A rime drake (Lair:3)
  A death yak zombie (Crypt:2)
  3 ice devils
  7 komodo dragons
  2 hellwings (D:9)
  31 yaktaurs
  14 freezing wraiths
  6 guardian mummies
  A hydra zombie (Crypt:2)
  A queen bee (D:10)
  A komodo dragon (shapeshifter) (D:14)
  A harpy zombie (Crypt:3)
  7 jumping spiders (Crypt:3)
  24 merfolk
  4 hornets
  2 meliai (D:13)
  A meliai (shapeshifter) (D:15)
  12 trolls
  3 tyrant leeches (Lair:6)
  3 tengu conjurers
  6 wind drakes
  10 hippogriffs
  An alligator zombie (Crypt:2)
  25 slime creatures
  11 dream sheep
  An ettin zombie (Crypt:3)
  34 blink frogs
  A harpy skeleton (Crypt:2)
  2 meliai zombies
  15 snapping turtles
  2 redbacks (Crypt:3)
  A centaur simulacrum (D:15)
  5 shadows
  31 water elementals
  Sigmund (D:6)
  An ettin skeleton (Crypt:1)
  3 flying skulls (Crypt:1)
  4 air elementals
  A wyvern (Lair:5)
  4 vampires
  A basilisk (Lair:2)
  20 wraiths
  36 yaks
  Eustachio (D:6)
  3 fire elementals
  13 vampire mosquitoes
  A hungry ghost (D:8)
  A steam dragon (Lair:4)
  A soldier ant (D:5)
  A spiny frog zombie (Crypt:2)
  12 wargs
  A gelid demonspawn zombie (Crypt:3)
  60 nagas
  An acid dragon (D:12)
  A swamp worm (shapeshifter) (Depths:5)
  4 hell hounds (Depths:2)
  A hydra simulacrum (Depths:2)
  A floating eye (Depths:2)
  A spectral troll (Depths:2)
  18 water moccasins
  2 spectral spriggans (Depths:2)
  8 porcupines
  2 ice beasts
  2 sky beasts
  A sky beast (shapeshifter) (Vaults:5)
  A black bear (shapeshifter) (Vaults:5)
  69 orc warriors
  A boggart (Vaults:1)
  An eye of draining (shapeshifter) (Vaults:1)
  35 ogres
  14 necrophages
  2 phantoms
  An ettin simulacrum (Vaults:3)
  2 eyes of draining
  A black bear (D:8)
  A snapping turtle zombie (Depths:2)
  A hog zombie (Crypt:2)
  A tengu (shapeshifter) (Vaults:4)
  9 centaurs
  19 wolves
  11 crocodiles
  Blork the orc (D:4)
  2 wyvern zombies
  28 bullfrogs
  3 earth elementals (Elf:1)
  2 merfolk simulacra (Depths:2)
  9 wyvern skeletons
  13 scorpions
  A raiju zombie (Crypt:2)
  A water moccasin skeleton (D:6)
  26 killer bees
  5 spectral nagas (Depths:2)
  2 spectral ogres (Depths:2)
  2 human simulacra (Vaults:1)
  11 wights
  3 howler monkeys
  A raiju skeleton (Crypt:2)
  An electric eel (Snake:3)
  A spectral centaur (Depths:2)
  6 crimson imps
  46 orc priests
  2 bullfrog zombies
  5 jellies
  5 hounds
  A bullfrog skeleton (D:6)
  6 centaur skeletons
  3 human zombies
  A human skeleton (Crypt:1)
  Jessica (D:2)
  4 iguanas
  29 orc wizards
  9 worker ants
  2 big kobold zombies
  A big kobold skeleton (Crypt:1)
  2 hound skeletons
  5 mummies
  2 worker ant zombies
  2 river rats
  4 scorpion zombies (Ossuary)
  14 adders
  7 shadow imps
  2 oozes
  4 adder skeletons
  An adder zombie (D:6)
  A worm (D:4)
  6 leopard geckos
  145 orcs
  A ball python (D:3)
  8 bats
  3 giant cockroaches
  4 gnoll zombies (Ossuary)
  6 hobgoblins
  4 jackals (D:4)
  6 quokkas
  3 frilled lizards
  7 goblins
  3 goblin zombies (Ossuary)
  A hobgoblin zombie (Ossuary)
  4 kobolds
  2 kobold zombies
  A leopard gecko skeleton (D:5)
  2 orc zombies (Ossuary)
  A quokka skeleton (D:7)
  5 rats
  A butterfly (Lair:2)
  A crawling corpse (Vaults:5)
  6 fungi
  6 plants
  4 tentacles
  6 withered plants (Crypt:3)
2117 creatures vanquished.

Vanquished Creatures (collateral kills)
  3 golden dragons (Vaults:5)
  A lich (Depths:2)
  An ancient champion (Crypt:2)
  A quicksilver dragon (Vaults:5)
  A shadow dragon (Vaults:5)
  2 tengu reavers (Vaults:5)
  3 storm dragons
  A fire giant (Vaults:5)
  A frost giant (Vaults:5)
  5 vault wardens
  A ghost moth (shapeshifter) (Vaults:5)
  8 ironheart preservers
  2 ghouls (Crypt:2)
  5 very ugly things
  A vampire knight (Vaults:3)
  2 stone giants
  2 spark wasps (Depths:5)
  2 eidola
  4 ettins
  3 deep elf death magi
  A mummy priest (Crypt:1)
  A crystal guardian (Vaults:3)
  A fire dragon (Depths:2)
  3 great orbs of eyes
  4 deep elf high priests (Vaults:5)
  9 yaktaur captains
  A jiangshi (Crypt:2)
  14 vault guards
  3 ice dragons
  2 centaur warriors
  7 two-headed ogres
  3 deep troll shamans
  3 ogre magi
  A deep troll earth mage (Depths:3)
  A titan zombie (Crypt:2)
  2 spriggan berserkers (Depths:4)
  2 deep elf knights
  A soul eater (Crypt:2)
  A storm dragon zombie (Crypt:1)
  A titan skeleton (Crypt:1)
  An iron troll (Depths:3)
  6 skeletal warriors
  2 golden dragon zombies (Crypt:1)
  6 deep trolls
  A wizard (Vaults:3)
  A flayed ghost (Depths:2)
  2 phantasmal warriors
  4 ironbrand convokers
  2 orc knights (Vaults:2)
  An iron dragon zombie (Crypt:2)
  A mana viper (Depths:2)
  3 harpies (Vaults:3)
  2 deep elf archers (Vaults:5)
  A necromancer (Crypt:1)
  An anaconda skeleton (Crypt:1)
  8 ugly things
  A mana viper (shapeshifter) (Vaults:5)
  A cyclops (Vaults:1)
  An elephant (shapeshifter) (Depths:5)
  3 vault sentinels
  A spiny frog (shapeshifter) (Vaults:5)
  2 freezing wraiths (Vaults:3)
  A spectral merfolk (Depths:2)
  4 yaktaurs
  A yellow draconian skeleton (Crypt:1)
  A guardian mummy (Crypt:1)
  A hellwing (Depths:4)
  6 slime creatures
  A spriggan (Depths:4)
  A flying skull (Crypt:1)
  A tarantella (shapeshifter) (Vaults:3)
  3 wraiths
  A shadow (Depths:2)
  3 water elementals
  A warg (Vaults:2)
  2 acid dragons (Vaults:2)
  A floating eye (Depths:5)
  2 hell hounds (Depths:2)
  2 orc warriors (Vaults:2)
  A snapping turtle zombie (Depths:2)
  11 ogres
  A necrophage (Crypt:2)
  4 boggarts (Vaults:1)
  2 wolves (Depths:2)
  A centaur (Vaults:3)
  2 spectral ogres (Depths:2)
  An orc priest (Vaults:3)
  6 orcs
  A frilled lizard skeleton (Crypt:1)
  6 crawling corpses (Vaults:5)
  A plant (Depths:2)
230 creatures vanquished.

Vanquished Creatures (others)
  3 liches
  2 titans (Vaults:5)
  A deep elf master archer (Elf:3)
  3 tengu reavers
  A frost giant (Vaults:5)
  2 deep elf sorcerers
  3 fire giants
  A vault warden (Vaults:5)
  5 stone giants
  An entropy weaver (Vaults:5)
  A vampire knight (Crypt:1)
  2 ettins
  2 spark wasps (Depths:1)
  A mummy priest (Crypt:1)
  A fire dragon (Depths:1)
  A jiangshi (Crypt:2)
  7 yaktaur captains
  A great orb of eyes (Depths:3)
  4 vault guards (Vaults:5)
  6 two-headed ogres
  A rakshasa (Depths:2)
  21 dancing weapons
  An ogre mage (Vaults:3)
  A vampire mage (Crypt:1)
  A naga sharpshooter (Snake:2)
  A satyr (Shoals:4)
  A deep elf knight (Elf:1)
  A shadow wraith (Depths:2)
  A glowing orange brain (Depths:3)
  A skeletal warrior (Depths:2)
  3 deep trolls
  A flayed ghost (Depths:2)
  A wizard (Depths:1)
  3 phantasmal warriors
  2 ironbrand convokers
  2 deep elf archers (Elf:1)
  2 orc knights
  3 vault sentinels (Vaults:5)
  An ugly thing (Depths:3)
  An elephant (shapeshifter) (Depths:1)
  15 yaktaurs
  2 freezing wraiths
  A troll (Vaults:4)
  A wraith (Crypt:1)
  3 water elementals
  2 nagas
  3 wargs
  A floating eye (Depths:3)
  3 orc warriors
  A monstrous demonspawn skeleton (Crypt:1)
  3 ogres
  A salamander zombie (Crypt:2)
  5 wights (Crypt:1)
  2 orc priests
  2 orc wizards
  A mummy (Crypt:1)
  12 orcs
  A crawling corpse (Vaults:5)
  3 fungi
  67 plants
  17 tentacles
  9 withered plants
252 creatures vanquished.

Grand Total: 2599 creatures vanquished

Notes
Turn   | Place    | Note
-------+----------+-------------------------------------------
     0 | D:1      | KyrpaJooseppi the Vine Stalker Necromancer began the quest for the Orb.
     0 | D:1      | Reached XP level 1. HP: 9/9 MP: 4/4
    99 | D:1      | Reached skill level 1 in Fighting
   246 | D:1      | Reached XP level 2. HP: 11/14 MP: 3/6
   922 | D:2      | Noticed Jessica
   953 | D:2      | Killed Jessica
   953 | D:2      | Reached XP level 3. HP: 18/19 MP: 5/7
   993 | D:2      | Found a radiant altar of Vehumet.
  1002 | D:2      | Learned a level 3 spell: Vampiric Draining
  1080 | D:2      | Gained mutation: Your natural rate of healing is unusually fast. [Vine Stalker growth]
  1080 | D:2      | Reached XP level 4. HP: 17/24 MP: 3/8
  1175 | D:2      | Learned a level 3 spell: Regeneration
  1739 | D:2      | Reached XP level 5. HP: 25/29 MP: 4/9
  1796 | D:3      | Found a runed door.
  1920 | D:3      | Noticed pedritolo's ghost (amateur NaCK)
  2147 | D:3      | Found a runed door.
  2340 | D:4      | Found a white marble altar of Elyvilon.
  2452 | D:4      | Reached skill level 5 in Fighting
  2574 | D:4      | Reached XP level 6. HP: 33/35 MP: 5/10
  2774 | D:4      | Noticed Blork the orc
  2793 | D:4      | Killed Blork the orc
  2979 | D:4      | Reached skill level 1 in Shields
  3166 | D:4      | Found Ryfufe's Antique Weapon Shop.
  3180 | D:4      | Bought a long sword for 115 gold pieces
  3265 | D:4      | Reached XP level 7. HP: 36/40 MP: 11/11
  3341 | D:5      | Entered Level 5 of the Dungeon
  3415 | D:5      | Found an ornate altar of the Wu Jian Council.
  3544 | D:5      | Learned a level 4 spell: Animate Dead
  3601 | D:5      | Gained mutation: Your system is resistant to poisons. (rPois) [potion of mutation]
  3601 | D:5      | Gained mutation: You are partially covered in molten scales. (AC +2) [potion of mutation]
  3982 | D:6      | Noticed a soldier ant
  3982 | D:6      | an orc priest changed into a soldier ant
  4127 | D:5      | Killed a soldier ant
  4127 | D:5      | Gained mutation: You have razor-sharp teeth. [Vine Stalker growth]
  4127 | D:5      | Reached XP level 8. HP: 32/45 MP: 2/12
  4321 | D:6      | Noticed Sigmund
  4331 | D:6      | Killed Sigmund
  4497 | D:6      | Noticed Eustachio
  4505 | D:6      | Killed Eustachio
  4619 | D:6      | Got a pair of shimmering gloves
  4630 | D:6      | Identified the +0 pair of gloves of the Republic {rN++ Slay+3} (You found it on level 6 of the Dungeon)
  4908 | D:6      | Reached XP level 9. HP: 53/53 MP: 13/13
  4938 | D:6      | Found a staircase to the Ecumenical Temple.
  4944 | Temple   | Entered the Ecumenical Temple
  5099 | Temple   | Became a worshipper of Gozag Ym Sagoz the Greedy
  5528 | D:7      | Reached skill level 10 in Fighting
  5754 | D:7      | Found a sand-covered staircase.
  5763 | Ossuary  | Entered an ossuary
  6071 | Ossuary  | Reached skill level 5 in Dodging
  6264 | D:7      | Found a hazy altar of Hepliaklqana.
  6264 | D:7      | Found a shattered altar of Ashenzari.
  6265 | D:7      | Found an iron altar of Okawaru.
  6442 | D:8      | Reached skill level 1 in Axes
  6457 | D:8      | Reached XP level 10. HP: 42/59 MP: 5/14
  6915 | D:8      | Noticed a two-headed ogre
  6928 | D:8      | Killed a two-headed ogre
  6928 | D:8      | Reached skill level 5 in Axes
  7066 | D:8      | Found a shadowy altar of Dithmenos.
  7663 | D:9      | Found a shimmering altar of Xom.
  7702 | D:9      | Reached XP level 11. HP: 60/63 MP: 13/15
  7716 | D:9      | Got an iridescent shortbow
  7752 | D:9      | Noticed a two-headed ogre
  7798 | D:9      | Killed a two-headed ogre
  7798 | D:9      | Reached skill level 10 in Axes
  7839 | D:9      | Found a glowing golden altar of the Shining One.
  7857 | D:9      | Found Unooluh's Antique Armour Shoppe.
  7863 | D:9      | Bought an ancient plate armour for 672 gold pieces
  7873 | D:9      | Identified the +7 plate armour of the Failed Coup {rPois rC+ Int+2 Slay+4} (You bought it in a shop on level 9 of the Dungeon)
  7885 | D:9      | Bought a glowing scale mail for 168 gold pieces
  7885 | D:9      | Bought a helmet for 108 gold pieces
  8165 | D:9      | Found a snail-covered altar of Cheibriados.
  8174 | D:9      | Found a blossoming altar of Fedhas.
  8247 | D:9      | Found a bloodstained altar of Trog.
  8317 | D:9      | Found a basalt altar of Yredelemnul.
  8384 | D:10     | Entered Level 10 of the Dungeon
  8503 | D:10     | Killed an unseen horror
  8584 | D:10     | Noticed a two-headed ogre
  8592 | D:10     | Killed a two-headed ogre
  8694 | D:10     | Found a staircase to the Lair.
  9412 | D:11     | Noticed an eight-headed hydra
  9542 | D:11     | Got a faintly glowing quarterstaff
  9580 | D:11     | Found a staircase to the Orcish Mines.
  9607 | D:11     | Gained mutation: You heal very quickly. [Vine Stalker growth]
  9607 | D:11     | Reached XP level 12. HP: 67/67 MP: 16/16
  9900 | D:11     | Killed a 13-headed hydra
 10135 | D:11     | Found a frozen archway.
 10560 | D:12     | Bought a potion of berserk rage for 110 gold pieces
 10560 | D:12     | Bought a pair of glowing boots for 165 gold pieces
 10571 | D:12     | Identified a +1 pair of boots of running (You bought it in a shop on level 12 of the Dungeon)
 10723 | D:12     | Noticed Josephine
 10731 | D:12     | Killed Josephine
 11246 | D:13     | Noticed a death knight
 11270 | D:13     | Killed a death knight
 11490 | D:13     | Noticed a two-headed ogre
 11503 | D:13     | Killed a two-headed ogre
 11511 | D:13     | Reached XP level 13. HP: 60/72 MP: 11/17
 11643 | D:13     | Reached skill level 15 in Axes
 11917 | D:13     | Identified the +10 quarterstaff "Myellets" {crush, SInv} (You found it on level 11 of the Dungeon)
 11919 | D:13     | Identified the +7 shortbow "Nynad" {venom, *Contam rC+ Dex+3} (You found it on level 9 of the Dungeon)
 12585 | D:14     | Found a gate to the Vaults.
 12982 | D:14     | Reached skill level 1 in Armour
 13243 | D:15     | Entered Level 15 of the Dungeon
 13346 | D:15     | Found a staircase to the Depths.
 13346 | D:15     | Noticed an ettin
 13459 | D:15     | Killed an ettin
 13479 | D:15     | Reached skill level 5 in Armour
 13501 | D:15     | Found a burning altar of Makhleb.
 13521 | D:15     | Reached XP level 14. HP: 77/77 MP: 15/18
 13874 | D:12     | Bought a bloodstained plate armour for 616 gold pieces
 13875 | D:12     | Identified the +3 plate armour "Giehecwa" {rCorr Int+2 Stlth+} (You bought it in a shop on level 12 of the Dungeon)
 13902 | Orc:1    | Entered Level 1 of the Orcish Mines
 13915 | Orc:1    | Noticed Harold
 13934 | Orc:1    | Killed Harold
 14024 | Orc:1    | Noticed Gastronok
 14044 | Orc:1    | Killed Gastronok
 14445 | Orc:2    | Entered Level 2 of the Orcish Mines
 14580 | Orc:2    | Found a roughly hewn altar of Beogh.
 15002 | Orc:2    | Found a staircase to the Elven Halls.
 15254 | Orc:2    | Noticed an orc warlord
 15282 | Orc:2    | Killed an orc warlord
 15384 | Orc:2    | Found a roughly hewn altar of Beogh.
 15684 | Orc:2    | Found Nidary's Distillery.
 15684 | Orc:2    | Noticed an orc warlord
 15707 | Orc:2    | Killed an orc warlord
 15822 | Orc:2    | Bought a potion of heal wounds for 75 gold pieces
 15822 | Orc:2    | Bought a potion of brilliance for 60 gold pieces
 15828 | Orc:2    | Reached XP level 15. HP: 73/80 MP: 14/19
 15834 | Orc:2    | Found Badal's Armour Shoppe.
 16193 | Orc:2    | Bought the +6 chain mail of Qazlal's Generosity {rElec MR+} for 811 gold pieces
 16211 | Orc:2    | Learned a level 1 spell: Apportation
 16213 | Orc:2    | Learned a level 1 spell: Summon Butterflies
 16262 | Orc:2    | Found Nuahe's Antique Weapon Shop.
 16355 | Orc:2    | Found Haore's Antique Weapon Boutique.
 16484 | Orc:2    | Bought a brightly glowing battleaxe for 391 gold pieces
 16484 | Orc:2    | Identified the +7 battleaxe "Fyjas" {antimagic, rElec Int+5} (You bought it in a shop on level 2 of the Orcish Mines)
 16573 | D:12     | Bought a scroll of identify for 44 gold pieces
 16639 | Lair:1   | Entered Level 1 of the Lair of Beasts
 16675 | Lair:1   | Noticed Erica
 16684 | Lair:1   | Killed Erica
 16684 | Lair:1   | Reached skill level 1 in Evocations
 16873 | Lair:1   | Found a snail-covered altar of Cheibriados.
 16877 | Lair:1   | Found the ring of Phasing {EV+8}
 17490 | Lair:2   | Identified the Tome of the Five Ships
 17573 | Lair:2   | Found a staircase to the Snake Pit.
 17986 | Lair:3   | Reached skill level 5 in Evocations
 18241 | Lair:3   | Found a staircase to the Shoals.
 19667 | Lair:5   | Reached skill level 10 in Armour
 20188 | Lair:6   | Entered Level 6 of the Lair of Beasts
 20237 | Lair:6   | Found a staircase to the Slime Pits.
 20242 | Lair:6   | Found a viscous altar of Jiyva.
 20264 | Lair:6   | Reached XP level 16. HP: 85/85 MP: 20/20
 20533 | Lair:6   | Noticed Urug
 20549 | Lair:6   | Killed Urug
 21389 | Lair:6   | Got a transparent war axe
 21390 | Lair:6   | Identified the +10 war axe of Kuusch {freeze, rC+ rN+ Str-2 Dex+4} (You found it on level 6 of the Lair of Beasts)
 21636 | Snake:1  | Entered Level 1 of the Snake Pit
 21941 | Snake:1  | Noticed Louise
 21945 | Snake:1  | Noticed Louise
 21945 | Snake:1  | Louise changed into Louise the death yak
 21952 | Snake:1  | Killed Louise the death yak
 22105 | Snake:1  | Found a glowing silver altar of Zin.
 22212 | Snake:1  | Found a deep blue altar of Sif Muna.
 22661 | Snake:2  | Noticed a nagaraja
 22673 | Snake:2  | Killed a nagaraja
 23148 | Snake:2  | Found Ditrigot's Weapon Boutique.
 23187 | Snake:2  | Reached XP level 17. HP: 89/89 MP: 21/21
 24353 | Snake:4  | Entered Level 4 of the Snake Pit
 24599 | Snake:4  | Found Seuc's General Store.
 24617 | Snake:4  | Bought a ration for 75 gold pieces
 24617 | Snake:4  | Bought a ration for 75 gold pieces
 24617 | Snake:4  | Bought a scroll of magic mapping for 52 gold pieces
 24830 | Snake:4  | Got a serpentine rune of Zot
 25129 | Snake:4  | Reached XP level 18. HP: 96/96 MP: 22/22
 25378 | Snake:4  | Noticed Vashnia
 25432 | Snake:4  | Killed Vashnia
 26105 | Shoals:1 | Entered Level 1 of the Shoals
 26105 | Shoals:1 | Found Awnemmeu's Distillery.
 26172 | Shoals:1 | Bought a potion of berserk rage for 55 gold pieces
 26172 | Shoals:1 | Bought a potion of mutation for 88 gold pieces
 26370 | Shoals:1 | Reached skill level 15 in Armour
 26533 | Shoals:1 | Got a steaming helmet
 26544 | Shoals:1 | Identified the +1 helmet "Nobuk" {Int+4 Stlth+} (You found it on level 1 of the Shoals)
 27712 | Shoals:3 | Learned a level 5 spell: Dispel Undead
 28414 | Shoals:4 | Entered Level 4 of the Shoals
 28439 | Shoals:4 | Reached XP level 19. HP: 89/105 MP: 17/23
 29093 | Shoals:4 | Got a barnacled rune of Zot
 29279 | Shoals:4 | Learned a level 2 spell: Blink
 29772 | Elf:1    | Entered Level 1 of the Elven Halls
 29778 | Elf:1    | Reached skill level 1 in Translocations
 29794 | Elf:1    | Got a pair of fine boots
 29795 | Elf:1    | Identified the cursed +0 pair of boots of Kindness {rF- rN++ Dex+5} (You found it on level 1 of the Elven Halls)
 30189 | Elf:1    | Found a roughly hewn altar of Beogh.
 31000 | Elf:2    | Found Gesadde's Magic Scroll Shop.
 31005 | Elf:2    | Bought a scroll of amnesia for 56 gold pieces
 31005 | Elf:2    | Bought a scroll of immolation for 56 gold pieces
 31045 | Elf:2    | Found a runed gate.
 31045 | Elf:2    | Found a runed gate.
 31046 | Elf:2    | Found a runed gate.
 31511 | Elf:2    | Reached XP level 20. HP: 44/112 MP: 17/24
 31518 | Elf:2    | Reached skill level 15 in Fighting
 32029 | Elf:3    | Entered Level 3 of the Elven Halls
 32536 | Elf:3    | Got a faintly glowing amethyst amulet
 32551 | Elf:3    | Got a crystal trident {flame}
 32630 | Elf:3    | Identified the cursed +2 trident of Leichof {flame, +Inv rPois Dex+6 Stlth-} (You took it off a deep elf death mage on level 3 of the Elven Halls)
 32641 | Elf:3    | Identified the amulet of Hard Scrabble {Gourm rElec Str+2 Dex+2} (You took it off a deep elf annihilator on level 3 of the Elven Halls)
 32738 | Elf:3    | Identified the +2 trident of True Grit {protect, Dex+2} (You found it on level 3 of the Elven Halls)
 32753 | Elf:3    | Got a twisted chain mail
 32755 | Elf:3    | Identified the cursed +1 chain mail of Qonetagg {Dex+3} (You found it on level 3 of the Elven Halls)
 32759 | Elf:3    | Identified the Handbook of Attacks
 32828 | Elf:3    | Noticed Donald
 32846 | Elf:3    | Killed Donald
 32963 | Elf:3    | Found Pekytaj's Gadget Boutique.
 33516 | Orc:2    | Bought a potion of lignification for 45 gold pieces
 33516 | Orc:2    | Bought a potion of mutation for 120 gold pieces
 33516 | Orc:2    | Bought a potion of cancellation for 120 gold pieces
 33637 | Vaults:1 | Entered Level 1 of the Vaults
 33979 | Vaults:1 | Reached XP level 21. HP: 118/120 MP: 22/25
 35168 | Vaults:2 | Noticed Sojobo
 35187 | Vaults:2 | Noticed Asterion
 35207 | Vaults:2 | Noticed Saint Roka
 35230 | Vaults:2 | Killed Saint Roka
 36496 | Vaults:3 | Found a staircase to the Crypt.
 37562 | Vaults:4 | Killed Sojobo
 37563 | Vaults:4 | Killed Asterion
 37563 | Vaults:4 | Reached XP level 22. HP: 128/128 MP: 21/26
 37650 | Vaults:4 | Found Ynejuliq's Assorted Antiques.
 37653 | Vaults:4 | Bought a scroll of enchant weapon for 322 gold pieces
 37653 | Vaults:4 | Bought a glowing executioner's axe for 559 gold pieces
 37653 | Vaults:4 | Bought a scroll of enchant weapon for 322 gold pieces
 37653 | Vaults:4 | Bought a scroll of identify for 86 gold pieces
 37663 | Vaults:4 | Bought a glowing cloak for 322 gold pieces
 37663 | Vaults:4 | Bought a scroll labeled YNYEMN MECS for 43 gold pieces
 37663 | Vaults:4 | Bought a scroll of identify for 86 gold pieces
 38956 | Vaults:5 | Entered Level 5 of the Vaults
 38983 | Vaults:5 | Noticed a golden dragon
 38996 | Vaults:5 | Killed a golden dragon
 39007 | Vaults:5 | Noticed an ancient lich
 39043 | Vaults:5 | Noticed a golden dragon
 39057 | Vaults:5 | Killed a golden dragon
 39069 | Vaults:5 | Reached XP level 23. HP: 116/135 MP: 2/27
 39107 | Vaults:5 | Noticed a golden dragon
 39131 | Vaults:5 | Killed a golden dragon
 39348 | Vaults:5 | Got a fine ivory ring
 39459 | Vaults:5 | Identified the ring "Werapn" {rCorr MR+} (You took it off a yaktaur captain on level 5 of the Vaults)
 39501 | Vaults:5 | Got a twitching turquoise ring
 39503 | Vaults:5 | Identified the ring "Hivypp" {+Fly rN+} (You took it off a tengu reaver on level 5 of the Vaults)
 39740 | Vaults:5 | Got a silver rune of Zot
 40691 | Crypt:1  | Entered Level 1 of the Crypt
 40700 | Crypt:1  | Reached skill level 5 in Translocations
 41050 | Crypt:1  | Learned a level 3 spell: Lesser Beckoning
 41054 | Crypt:1  | Learned a level 3 spell: Teleport Other
 41367 | Crypt:1  | Noticed a greater mummy
 41381 | Crypt:1  | Got a dazzling hand axe
 41392 | Crypt:1  | Identified the +7 hand axe "Joocw" {antimagic, MR+ Int-4 Dex+4 SInv} (You found it on level 1 of the Crypt)
 41431 | Crypt:1  | Noticed a greater mummy
 41456 | Crypt:1  | Identified the Grimoire of Talismans and Transformation
 42220 | Crypt:2  | Reached skill level 10 in Translocations
 42814 | Crypt:3  | Entered Level 3 of the Crypt
 42982 | Crypt:3  | Found the +12 Vampire's Tooth {vamp}
 43108 | Crypt:3  | Learned a level 2 spell: Shroud of Golubria
 43141 | Crypt:3  | Found a basalt altar of Yredelemnul.
 43182 | Crypt:3  | Reached XP level 24. HP: 142/142 MP: 27/27
 43309 | Crypt:3  | Reached skill level 5 in Air Magic
 43352 | Crypt:3  | Found the +7 great mace "Firestarter" {inner flame, rF++}
 43435 | Crypt:3  | Got a brightly glowing turquoise ring
 43436 | Crypt:3  | Identified the ring of the Hare {+Blink rC+} (You found it on level 3 of the Crypt)
 43795 | Crypt:3  | Reached skill level 10 in Air Magic
 43946 | Crypt:3  | Found a staircase to the Tomb.
 44569 | Crypt:3  | Got a smoking hand crossbow
 44570 | Crypt:3  | Identified the +5 hand crossbow of Ru's Approval {velocity, +Blink Int+9 SInv} (You found it on level 3 of the Crypt)
 44830 | Crypt:1  | Killed a greater mummy
 45411 | D:15     | Bought a scroll of blinking for 135 gold pieces
 45414 | D:15     | Bought a scroll of enchant weapon for 135 gold pieces
 45414 | D:15     | Bought a scroll of enchant weapon for 135 gold pieces
 45416 | D:15     | Bought a scroll of identify for 36 gold pieces
 45420 | D:15     | Bought a scroll of enchant weapon for 127 gold pieces
 45425 | Depths:1 | Entered Level 1 of the Depths
 45461 | Depths:1 | Found a gateway to Hell.
 45524 | Depths:1 | Reached skill level 1 in Crossbows
 45666 | Depths:1 | Found Elikiwno's Weapon Shoppe.
 45945 | Depths:1 | Found Arha's Serpentskin Sales.
 46131 | Depths:2 | Reached skill level 5 in Crossbows
 46848 | Depths:2 | Paralysed by a floating eye for 2 turns
 46863 | Depths:2 | Paralysed by a floating eye for 2 turns
 47462 | Depths:3 | Reached XP level 25. HP: 142/147 MP: 25/27
 47896 | Depths:3 | Reached skill level 10 in Crossbows
 47977 | Depths:3 | Found a one-way gate leading to the halls of Pandemonium.
 48477 | Depths:4 | Found a one-way gate to the infinite horrors of the Abyss.
 48528 | Depths:4 | Found a portal to a secret trove of treasure.
 49575 | Depths:5 | Entered Level 5 of the Depths
 49614 | Depths:5 | Noticed a juggernaut
 49646 | Depths:5 | Killed a juggernaut
 49661 | Depths:5 | Found a gate to the Realm of Zot.
 49991 | Depths:5 | Paralysed by a floating eye for 3 turns
 50036 | Depths:5 | Found a gateway to a ziggurat.
 50452 | Zot:1    | Entered Level 1 of the Realm of Zot
 50470 | Zot:1    | Reached XP level 26. HP: 123/154 MP: 27/27
 50659 | Zot:1    | Learned a level 4 spell: Airstrike
 51762 | Zot:4    | Noticed Izxoet's ghost (legendary NaFi)
 51763 | Zot:4    | Found a transporter.
 51778 | Zot:4    | Found a transporter.
 51862 | Zot:4    | HP: 2/234 [Izxoet's ghost (16)]
 51862 | Zot:4    | Slain by Izxoet's ghost

Vault maps used:
D:1:      minmay_arrival_five_plusses
D:2:      overflow_temple_1_default, uniq_jessica
D:3:      ebering_ghost_sewer_f
D:4:      elyvilon_altar_4, first_ration, serial_shops, nicolae_shop_stone,
          uniq_blork_the_orc
D:5:      overflow_temple_1_default
D:6:      minmay_temple_entry_enclosed_plants, uniq_eustachio, uniq_sigmund
D:7:      gammafunk_temple_overflow_claw, nicolae_ossuary_entry_monument
D:8:      nicolae_overflow_crystal_walls
D:9:      cheibrodos_grave_circle, nicolae_overflow_hidden_temple,
          nicolae_overflow_quartered_altars, serial_shops, shop, basic_altar
D:10:     lair_entry_dummy, david_nohive_1
D:11:     hiddenorc2_lemuel, portal_ice_cave_demonic_guard
D:12:     uniq_josephine
D:13:     minivault_16, kennysheep_four_rooms
D:14:     david_vaults_2, kennysheep_nub, hangedman_abyss_or_decor_stagger
D:15:     hangedman_depths_entry_civil_slaughter, basic_altar, minivault_11
Temple:   dpeg_chambers_temple
Lair:1:   basic_altar, grunt_megastairs_1, uniq_erica
Lair:2:   guppyfry_snake_entry_garden, lemuel_fruit_fields, grunt_megastairs_4,
          lemuel_fruit_tree, lemuel_fruit_fields
Lair:3:   minmay_shoals_entry_beasts, minmay_lair_oklob_chamber
Lair:4:   lookout_lair_type, serial_bayou_lagoon_b
Lair:6:   minmay_lair_end_frog_pond, slime_altar_1, serial_bayou_lake_a,
          infiniplex_staircase_pool, lemuel_fruit_fields, uniq_urug
Shoals:1: serial_shops, nicolae_shop_temple_entry_statues_fountains
Shoals:4: shoals_end_grunt_ice, nicolae_shoals_stone_sculpture_thing,
          nicolae_shoals_aquamancer_cove
Snake:1:  hangedman_feature_mirror, uniq_louise
Snake:2:  serial_shops, nicolae_shop_crystal
Snake:3:  serial_bayou_pond_c, hangedman_snake_wide_pillar_pass,
          serial_bayou_shore_a
Snake:4:  grunt_snake_rune_spirals, serial_shops, shop, st_stairs_9,
          uniq_vashnia
Orc:1:    uniq_harold, uniq_gastronok
Orc:2:    pubby_orc_utopia
Elf:1:    special_room, orc_legates
Elf:2:    serial_shops, nicolae_shop_competitors_out_of_business
Elf:3:    elf_hall, serial_shops, shop, uniq_donald
Vaults:1: hangedman_vaults_corner_blocks, hangedman_vaults_nodes,
          nicolae_vaults_yaktaur_gun_rack, nicolae_vaults_diagonal_hallway_8,
          ontoclasm_vaults_spin, vaults_dpeg_doors,
          ontoclasm_vaults_loading_screen, nicolae_vaults_border_crossing,
          hangedman_vaults_nails, vaults_room_corners, vaults_dpeg_diagonal
Vaults:2: hangedman_vaults_locks, vaults_mumra_bighexcomb,
          nicolae_vaults_triangles, hangedman_vaults_river_flow, v_misc_29,
          v_misc_5, vaults_dpeg_ring, v_misc_9, vaults_room_pool, uniq_sojobo,
          uniq_saint_roka, uniq_asterion
Vaults:3: nicolae_vaults_theta, nicolae_vaults_little_squares_3,
          minmay_crypt_entry_simple_walls, ontoclasm_vaults_gateway,
          nicolae_vaults_puzzle_piece, hangedman_vaults_corner, v_pattern_2,
          vaults_standard_mumra_enter_the_diamond, nicolae_vaults_murderbox,
          v_misc_27, nicolae_vaults_circle_grid_b,
          nicolae_vaults_diagonal_hallway_9, nicolae_vaults_mini_display_case
Vaults:4: grunt_vaults_funnel, nicolae_vaults_big_ls,
          nicolae_vaults_twisting_passages, v_alt_pattern_4,
          nicolae_vaults_alarming, st_cross, grunt_vaults_trifunnel, v_rooms_1,
          vaults_room_hallway, vaults_room_hallway, vaults_dpeg_hooks,
          vaults_mumra_lcd, ontoclasm_vaults_ring_small, v_misc_17,
          serial_shops, nicolae_shop_behind_doors
Crypt:1:  st_burial_chamber
Crypt:3:  evilmike_haunted_forest
Depths:1: hell_entry, minmay_holes, serial_shops, shop_fountains,
          serial_bayou_lagoon_a, guppyfry_shop_venom, serial_bayou_shore_b
Depths:2: lemuel_river_lethe, hell_entry
Depths:3: minmay_the_grid_four_pointed_star, hell_entry,
          kennysheep_pointless_box, pan_entry, kennysheep_nondescript
Depths:4: minmay_haunted_quarter, hell_entry, hangedman_abyss_entry_splay,
          enter_trove_6
Depths:5: grunt_crosshair, enter_ziggurat_c, hell_entry,
          kennysheep_random_hallway
Zot:3:    basic_stair_grate_trap
Zot:4:    gammafunk_ghost_arena
Ossuary:  ossuary_minmay_scorpions

Skill      XL: |  1  2  3  4  5  6  7  8  9 10 11 12 13 14 15 16 17 18 19 20 21 22 23 24 25 26 |
---------------+-------------------------------------------------------------------------------+-----
Fighting       | 1 2 3 4 5 6 9 10 11 13 14 16 17 19 20 21 | 21.9
Shields        | 1 4 |  4.1
Dodging        | 5 8 9 |  9.1
Axes           | 2 8 12 14 16 17 18 | 18.0
Armour         | 5 9 10 12 14 15 16 17 18 19 20 21 | 21.9
Evocations     | 5 |  5.0
Translocations | 4 13 | 13.2
Air Magic      | 12 | 12.5
Crossbows      | 8 10 | 10.0
Stealth        | |  2.4
Spellcasting   | |  2.1
Necromancy     | |  4.0

Action                   |  1- 3 |  4- 6 |  7- 9 | 10-12 | 13-15 | 16-18 | 19-21 | 22-24 | 25-27 || total
-------------------------+-------+-------+-------+-------+-------+-------+-------+-------+-------++-------
Melee: Unarmed           |    14 |       |       |       |       |       |       |       |       ||    14
       Dagger            |    16 |   222 |       |       |       |       |       |       |       ||   238
       Bite              |     5 |    71 |   110 |   168 |   394 |   477 |   455 |   743 |   424 ||  2847
       Long sword        |       |    11 |   178 |       |       |       |       |       |       ||   189
       Scimitar          |       |       |   104 |    61 |       |       |       |       |       ||   165
       Broad axe         |       |       |       |   451 |  1123 |  1228 |  1195 |  1670 |   890 ||  6557
Throw: Throwing net      |       |       |       |     2 |     2 |       |       |    11 |       ||    15
 Cast: Pain              |    37 |     4 |       |       |       |       |       |       |       ||    41
       Vampiric Draining |       |     7 |    20 |     5 |       |       |       |       |       ||    32
       Regeneration      |       |     1 |       |     2 |       |     2 |     3 |       |     1 ||     9
       Blink             |       |       |       |       |       |       |     2 |       |       ||     2
       Apportation       |       |       |       |       |       |       |       |     2 |     1 ||     3
       Shroud of Golubri |       |       |       |       |       |       |       |     1 |       ||     1
Invok: Call Merchant     |       |       |       |     1 |       |       |       |     4 |       ||     5
       Bribe Branch      |       |       |       |       |       |       |     1 |     3 |     1 ||     5
       Potion Petition   |       |       |       |       |       |       |     1 |       |     2 ||     3
 Abil: Evoke Berserk Rag |       |       |       |       |       |     1 |       |       |       ||     1
Evoke: Wand              |       |     3 |    24 |    20 |    43 |     6 |     4 |     5 |     9 ||   114
       Phantom mirror    |       |       |       |     1 |       |       |       |       |       ||     1
       Lamp of fire      |       |       |       |       |     2 |       |     1 |       |     1 ||     4
       Sack of spiders   |       |       |       |       |       |     1 |       |       |       ||     1
  Use: Scroll            |     2 |     3 |    15 |     7 |    10 |     6 |    14 |    19 |     7 ||    83
       Potion            |       |     3 |     4 |     6 |     1 |     7 |     4 |     6 |     5 ||    36
 Stab: Sleeping          |     1 |     4 |    11 |     4 |       |       |       |       |       ||    20
       Distracted        |       |       |     2 |     8 |     8 |    17 |    15 |    29 |    15 ||    94
       Paralysed         |       |       |     2 |     5 |    11 |       |       |       |       ||    18
       Held in net/web   |       |       |       |     1 |     2 |       |       |    10 |       ||    13
       Confused          |       |       |       |       |       |       |       |     3 |       ||     3
  Eat: Chunk             |     1 |     8 |     5 |       |       |       |       |       |       ||    14
       Ration            |       |     1 |     2 |     7 |     8 |    10 |     9 |    10 |     6 ||    53
Armor: Robe              |     5 |    49 |    52 |       |       |       |       |       |       ||   106
       Skin              |     2 |       |       |       |       |       |       |       |       ||     2
       Leather armour    |       |       |    43 |    50 |       |       |       |       |       ||    93
       Scale mail        |       |       |       |   117 |   189 |       |       |       |       ||   306
       Plate armour      |       |       |       |       |   145 |   348 |    82 |       |       ||   575
       Chain mail        |       |       |       |       |    15 |       |   243 |   357 |   401 ||  1016
Dodge: Dodged            |    30 |   110 |   189 |   259 |   424 |   562 |   626 |   676 |   823 ||  3699
Block: Buckler           |       |     7 |    81 |   200 |   531 |   621 |   509 |   807 |   674 ||  3430
       Reflection        |       |       |       |     6 |     6 |    80 |    63 |    31 |     4 ||   190
       Rpst.: Long sword |       |     3 |    45 |       |       |       |       |       |       ||    48
       Scimitar          |       |       |    23 |     9 |       |       |       |       |       ||    32

Table legend:
 A = Spawn XP
 B = Non-spawn XP
 C = Spawn XP percentage of total XP
 D = Spawn monster count
 E = Non-spawn monster count
 F = Spawn count percentage of total count
 G = Total turns spent on level
                    A         B        C        D         E        F      G
               +---------+---------+-------+---------+---------+-------+---------
         Total |       0 | 1233084 |   0.0 |       0 |    2353 |   0.0 | 51862
               +---------+---------+-------+---------+---------+-------+---------
           D:1 |       0 |      29 |   0.0 |       0 |      17 |   0.0 |   919
           D:2 |       0 |     140 |   0.0 |       0 |      16 |   0.0 |   860
           D:3 |       0 |      71 |   0.0 |       0 |      15 |   0.0 |   532
           D:4 |       0 |     388 |   0.0 |       0 |      20 |   0.0 |  1030
           D:5 |       0 |     609 |   0.0 |       0 |      15 |   0.0 |   806
           D:6 |       0 |    1301 |   0.0 |       0 |      23 |   0.0 |   983
           D:7 |       0 |    1050 |   0.0 |       0 |      20 |   0.0 |   629
           D:8 |       0 |    2055 |   0.0 |       0 |      26 |   0.0 |   920
           D:9 |       0 |    6834 |   0.0 |       0 |      41 |   0.0 |  1110
          D:10 |       0 |    4101 |   0.0 |       0 |      28 |   0.0 |  1137
          D:11 |       0 |    4771 |   0.0 |       0 |      57 |   0.0 |  1125
          D:12 |       0 |    6757 |   0.0 |       0 |      31 |   0.0 |   854
          D:13 |       0 |    9893 |   0.0 |       0 |      26 |   0.0 |  1299
          D:14 |       0 |    7206 |   0.0 |       0 |      20 |   0.0 |   840
          D:15 |       0 |   17065 |   0.0 |       0 |      46 |   0.0 |   633
        Lair:1 |       0 |    2906 |   0.0 |       0 |      13 |   0.0 |   634
        Lair:2 |       0 |    6500 |   0.0 |       0 |      25 |   0.0 |   768
        Lair:3 |       0 |   11421 |   0.0 |       0 |      42 |   0.0 |  1023
        Lair:4 |       0 |    2473 |   0.0 |       0 |      16 |   0.0 |   643
        Lair:5 |       0 |    9444 |   0.0 |       0 |      30 |   0.0 |   772
        Lair:6 |       0 |   28633 |   0.0 |       0 |      94 |   0.0 |  1376
      Shoals:1 |       0 |   15195 |   0.0 |       0 |      33 |   0.0 |   891
      Shoals:2 |       0 |    7542 |   0.0 |       0 |      16 |   0.0 |   626
      Shoals:3 |       0 |   10328 |   0.0 |       0 |      20 |   0.0 |   852
      Shoals:4 |       0 |   38282 |   0.0 |       0 |      65 |   0.0 |  1081
       Snake:1 |       0 |   11414 |   0.0 |       0 |      23 |   0.0 |  1113
       Snake:2 |       0 |   17210 |   0.0 |       0 |      28 |   0.0 |   712
       Snake:3 |       0 |   17826 |   0.0 |       0 |      29 |   0.0 |   936
       Snake:4 |       0 |   82443 |   0.0 |       0 |     122 |   0.0 |  1572
         Orc:1 |       0 |    5506 |   0.0 |       0 |      15 |   0.0 |   538
         Orc:2 |       0 |   23487 |   0.0 |       0 |     150 |   0.0 |  2243
         Elf:1 |       0 |   34389 |   0.0 |       0 |      63 |   0.0 |  1196
         Elf:2 |       0 |   29449 |   0.0 |       0 |      40 |   0.0 |  1153
         Elf:3 |       0 |   56857 |   0.0 |       0 |      47 |   0.0 |  1328
      Vaults:1 |       0 |   29076 |   0.0 |       0 |      49 |   0.0 |  1306
      Vaults:2 |       0 |   30986 |   0.0 |       0 |      74 |   0.0 |  1436
      Vaults:3 |       0 |   44011 |   0.0 |       0 |      80 |   0.0 |  1634
      Vaults:4 |       0 |   92684 |   0.0 |       0 |     162 |   0.0 |  1513
      Vaults:5 |       0 |  100372 |   0.0 |       0 |     124 |   0.0 |  1524
       Crypt:1 |       0 |   25755 |   0.0 |       0 |      42 |   0.0 |  1162
       Crypt:2 |       0 |   25744 |   0.0 |       0 |      38 |   0.0 |  1154
       Crypt:3 |       0 |   72778 |   0.0 |       0 |     107 |   0.0 |  1967
      Depths:1 |       0 |   23207 |   0.0 |       0 |      36 |   0.0 |   696
      Depths:2 |       0 |   44145 |   0.0 |       0 |      96 |   0.0 |  1336
      Depths:3 |       0 |   41636 |   0.0 |       0 |      54 |   0.0 |  1020
      Depths:4 |       0 |   44880 |   0.0 |       0 |      66 |   0.0 |  1098
      Depths:5 |       0 |   56634 |   0.0 |       0 |      47 |   0.0 |   877
         Zot:1 |       0 |   34949 |   0.0 |       0 |      21 |   0.0 |   616
         Zot:2 |       0 |   66351 |   0.0 |       0 |      39 |   0.0 |   553
         Zot:3 |       0 |    7921 |   0.0 |       0 |       4 |   0.0 |   122
         Zot:4 |       0 |   17525 |   0.0 |       0 |      12 |   0.0 |   119
       Ossuary |       0 |     855 |   0.0 |       0 |      30 |   0.0 |   392
               +---------+---------+-------+---------+---------+-------+---------
